 Dungeon Crawl Stone Soup version 0.22-a0-159-g7ce444f (webtiles) character file.

8 Azzok the Vexing (level 2, -2/15 HPs)
             Began as a Deep Elf Enchanter on Feb 9, 2018.
             Slain by a hobgoblin
             ... wielding a cursed +0 club
              (3 damage)
             ... on level 1 of the Dungeon.
             The game lasted 00:00:43 (194 turns).

Azzok the Vexing (Deep Elf Enchanter)                Turns: 194, Time: 00:00:44

Health: -2/15      AC:  3    Str:  5    XL:     2   Next: 0%
Magic:  4/8        EV: 13    Int: 19    God:
Gold:   37         SH:  0    Dex: 15    Spells: 6/7 levels left

rFire    . . .     SeeInvis .   a - +1 dagger
rCold    . . .     Gourm    .   (no shield)
rNeg     . . .     Faith    .   b - +0 robe
rPois    .         Spirit   .   (no helmet)
rElec    .         Reflect  .   (no cloak)
rCorr    .         Harm     .   (no gloves)
MR       .....                  g - +0 pair of boots
Stlth    ++........             (no amulet)
HPRegen  0.05/turn              (no ring)
MPRegen  0.11/turn              (no ring)

@: very slightly contaminated
A: no striking features
a: no special abilities


You were on level 1 of the Dungeon.
You were not hungry.

You visited 1 branch of the dungeon, and saw 1 of its levels.

You collected 37 gold pieces.

Inventory:

Hand Weapons
 a - a +1 dagger (weapon)
Armour
 b - a +0 robe (worn)
 g - a +0 pair of boots (worn)
Scrolls
 h - a scroll of identify {unknown}
Potions
 e - a potion of curing {unknown}
 i - a potion of might {unknown}
Books
 c - a book of Maledictions

   Spells                             Type                      Level
   a - Corona                         Hexes                        1
   b - Ensorcelled Hibernation        Hexes/Ice                    2
   c - Confuse                        Hexes                        3
   d - Tukima's Dance                 Hexes                        3
   e - Dazzling Spray                 Conjuration/Hexes            3
Comestibles
 d - 2 rations
 f - a chunk of flesh


   Skills:
 + Level 1.6 Short Blades
 - Level 2.4 Dodging
 - Level 3.6 Stealth
 - Level 3.0 Spellcasting
 + Level 4.4 Hexes


You had 6 spell levels left.
You knew the following spells:

 Your Spells              Type           Power        Failure   Level  Hunger
a - Corona                Hex            ###....      2%          1    None


Dungeon Overview and Level Annotations

Branches:
Dungeon (1/15)

Altars:


Message History

The hobgoblin hits you with a club.
* * * LOW HITPOINT WARNING * * *
You hit the hobgoblin.
You kill the hobgoblin!
You have reached level 2!
Casting: Corona (safe; 2% risk of failure)
Confirm with . or Enter, or press ? or * to list all spells.
Aiming: Corona (safe; 2% risk of failure)
Press: ? - help, Shift-Dir - straight line, f - hobgoblin
Aim: a hobgoblin, wielding a club (chance to defeat MR: 73%)
The hobgoblin is outlined in light.
The hobgoblin barely misses you.
You hit the hobgoblin but do no damage. The hobgoblin misses you.
You hit the hobgoblin.
The hobgoblin is moderately wounded.
The hobgoblin hits you with a club.
* * * LOW HITPOINT WARNING * * *
You hit the hobgoblin.
The hobgoblin is heavily wounded.
The hobgoblin hits you with a club.
You die...

▒ ▒····▒ ▒·····▒ ▒
▒····▒ ▒·····▒
▒····▒▒▒·····▒
▒············▒
▒············▒
▒▒▒▒·········[··▒▒▒▒▒▒▒▒
···╬····················
▒▒▒▒·······▒▒▒▒··▒▒·····
▒·······▒ ▒▒@▒ ····
▒▒▒▒▒▒▒▒▒▒▒▒▒g▒▒·····
▒·············
▒·(··%········
▒▒▒▒▒▒▒▒▒▒▒·····(·······
▒·····▒▒▒▒▒·············
▒·····▒···▒·············
▒·····▒·⌠·▒·············
▒·····▒···▒········▒▒╬▒▒


You could see a hobgoblin.

Vanquished Creatures
  A bat (D:1)
  2 goblins (D:1)
  A hobgoblin (D:1)
  2 kobolds (D:1)
  A frilled lizard (D:1)
7 creatures vanquished.

Notes
Turn   | Place    | Note
-------+----------+-------------------------------------------
     0 | D:1      | Azzok the Deep Elf Enchanter began the quest for the Orb.
     0 | D:1      | Reached XP level 1. HP: 10/10 MP: 6/6
   190 | D:1      | Reached XP level 2. HP: 2/15 MP: 5/8
   194 | D:1      | Slain by a hobgoblin

Vault maps used:
D:1:      minmay_arrival_glassed_features

Action                   || total
-------------------------++-------
Melee: Dagger            ||    25
 Cast: Corona            ||     7
 Stab: Sleeping          ||     1
Armor: Robe              ||     7
Dodge: Dodged            ||    19

Table legend:
 A = Spawn XP
 B = Non-spawn XP
 C = Spawn XP percentage of total XP
 D = Spawn monster count
 E = Non-spawn monster count
 F = Spawn count percentage of total count
 G = Total turns spent on level
                    A         B        C        D         E        F      G
               +---------+---------+-------+---------+---------+-------+---------
         Total |       0 |      12 |   0.0 |       0 |       7 |   0.0 |   194
               +---------+---------+-------+---------+---------+-------+---------
           D:1 |       0 |      12 |   0.0 |       0 |       7 |   0.0 |   194
               +---------+---------+-------+---------+---------+-------+---------
